Devils vs Red Wings

Created - April 8, 2018 at 19:48

Goals
1 2 3 T
Devils 1 1 2 4
Red Wings 0 0 1 1
Shots
1 2 3 T
Devils 8 12 14 34
Red Wings 10 11 8 29

1st period

1. Devils , Jordan Eberle 31 (Erik Christensen 18, Dmitry Kulikov 16) at 1:37

Penalties :
Tyler Johnson (Det) for Delaying the game (Minor) at 10:51, Philip Samuelsson (Det) for Roughing (Minor) at 16:52

2nd period

2. Devils , Patrick Kane 37 (Jonathan Toews 37) at 9:07

Penalties :
Travis Hamonic (NJD) for Slashing (Minor) at 12:14, Tyler Cuma (NJD) for Roughing (Minor) at 18:49

3rd period

3. Devils , Taylor Hall 24 (Tyler Cuma 24, Jordan Eberle 39) at 5:29
4. Devils , Patrick Kane 38 (Chris Kreider 47, Jonathan Toews 38) at 5:52
5. Red Wings , Oleg Saprykin 6 (Nate Thompson 13, Ales Hemsky 15) at 10:13

Penalties :
Mike Komisarek (NJD) for Roughing (Minor) at 1:45, Jiri Fischer (Det) for Hooking (Minor) at 18:46

Goalie Stats

Ryan Miller (NJD), 28 saves from 29 shots - (0.966), W, 28-23-3, 60:00 minutes
Tuukka Rask (Det), 30 saves from 34 shots - (0.882), L, 32-23-3, 60:00 minutes

Players Stats for Devils

Player Name              G  A  P  +/- PIM S  H  SB GA TA FO     MP     PP MP  PK MP  
------------------------------------------------------------------------------------
Anthony Stewart          0  0  0  -1  0   1  0  0  0  0  0/0     8:13   0:00   0:00 
Brandon Bollig           0  0  0  -1  0   1  0  0  1  0  0/0     8:13   0:00   0:00 
Chris Kreider            0  1  1   2  0   1  3  0  0  0  0/0    14:43   2:31   0:00 
Dmitry Kulikov           0  1  1   2  0   3  1  1  0  1  0/0    23:39   2:58   2:05 
Erik Christensen         0  1  1  -1  0   1  0  0  3  0  0/0     9:17   0:00   0:58 
Jonathan Toews           0  2  2   2  0   2  1  0  1  0  9/14   17:00   2:31   1:36 
Jordan Eberle            1  1  2   2  0   6  1  2  2  0  1/2    22:49   2:40   1:36 
Kellan Lain              0  0  0   0  0   0  1  0  0  0  0/0    10:30   0:00   0:36 
Kurt Sauer               0  0  0   1  0   1  1  1  0  0  0/0    24:10   1:37   3:43 
Martin St. Louis         0  0  0   0  0   3  0  0  0  0  0/0     9:48   0:00   0:00 
Matt Duchene             0  0  0   2  0   4  0  1  0  0  14/28  20:50   2:40   0:18 
Mike Komisarek           0  0  0   0  2   0  2  1  1  2  0/0    17:23   0:36   2:25 
Mikko Koivu              0  0  0   0  0   1  0  0  0  1  9/13   13:09   0:00   3:21 
Patrick Kane             2  0  2   2  0   4  2  0  0  0  1/2    18:12   2:31   3:29 
Ryan Whitney             0  0  0   0  0   0  0  0  0  1  0/0    18:29   3:34   2:14 
Taylor Hall              1  0  1   2  0   3  0  0  1  0  1/2    20:32   2:40   0:00 
Travis Hamonic           0  0  0   2  2   3  1  1  0  1  0/0    16:41   0:00   1:27 
Tyler Cuma               0  1  1   1  2   0  1  0  3  0  0/0    20:22   1:37   0:00 

Players Stats for Red Wings

Player Name              G  A  P  +/- PIM S  H  SB GA TA FO     MP     PP MP  PK MP  
------------------------------------------------------------------------------------
Adam Henrique            0  0  0  -2  0   3  0  0  0  1  0/1    17:51   2:37   0:00 
Ales Hemsky              0  1  1   1  0   3  2  1  0  1  0/0     6:56   0:00   0:00 
Alex Picard              0  0  0   0  0   2  2  1  0  0  0/0    10:41   0:00   0:05 
Brent Seabrook           0  0  0  -1  0   1  3  1  1  1  0/0    24:04   3:46   2:26 
Chris Kelly              0  0  0   0  0   0  0  0  0  0  1/5    10:57   0:00   0:23 
Filip Kuba               0  0  0  -1  0   0  2  0  0  0  0/0    15:40   0:00   2:26 
Jiri Fischer             0  0  0  -1  2   1  0  4  0  1  0/0    23:44   2:11   2:06 
Mike Richards            0  0  0  -2  0   0  1  0  0  0  9/25   18:36   3:20   0:00 
Nate Thompson            0  1  1   1  0   1  0  0  0  0  2/5     6:56   0:00   0:00 
Nino Niederreiter        0  0  0   0  0   2  0  0  1  0  0/0    13:02   0:00   2:28 
Oleg Saprykin            1  0  1   1  0   3  0  0  0  0  0/0     9:24   0:00   2:28 
Ole-Kristian Tollefsen   0  0  0  -1  0   2  2  1  0  3  0/0    22:41   3:46   2:45 
Phil Kessel              0  0  0  -2  0   4  3  0  1  1  1/1    17:51   2:37   0:00 
Philip Samuelsson        0  0  0  -1  2   1  0  1  0  1  0/0    20:41   2:11   0:39 
Rick Nash                0  0  0  -2  0   1  0  0  2  0  2/6    22:04   3:20   2:38 
Sean Bergenheim          0  0  0  -2  0   2  5  1  0  0  2/3    20:21   3:20   0:53 
Theo Peckham             0  0  0  -1  0   2  1  1  0  1  0/0    13:10   0:00   0:00 
Tyler Johnson            0  0  0  -2  2   1  2  0  1  2  9/15   20:07   2:37   1:27 

3 Stars

1 - Patrick Kane (NJD)
2 - Jordan Eberle (NJD)
3 - Ryan Miller (NJD)

Power Play

Devils - 0 on 3 Attempt(s) - 0.00%
Red Wings - 0 on 3 Attempt(s) - 0.00%

Penalty Kill

Devils - 3 on 3 Attempt(s) - 100.00% - Score 0 goal in Penalty Kill
Red Wings - 3 on 3 Attempt(s) - 100.00% - Score 0 goal in Penalty Kill

Team Stat

Devils - Hits : 14 - Faceoff Wins : 35 - Blocked Shots : 7 - Penalty Minutes : 6
Red Wings - Hits : 23 - Faceoff Wins : 26 - Blocked Shots : 11 - Penalty Minutes : 6

Official

Referees : L'Ecuyer Frederick and Charron Francis
Linesman : Steve Barton and Don Henderson

Game Notes

No Game Note

Finance

Level 1 -- Attendance: 6000 (100.00%) -- Ticket Income $522,000
Level 2 -- Attendance: 4587 (91.74%) -- Ticket Income $266,046
Level 3 -- Attendance: 1725 (86.25%) -- Ticket Income $69,000
Level 4 -- Attendance: 3498 (87.45%) -- Ticket Income $101,442
Luxury Box -- Attendance: 910 (91.00%) -- Ticket Income $152,880
Game was played at the Joe Louis Arena.
Total Attendance: 16720 (92.89%)
Total Ticket Income: $1,111,368
Other Income: $166,705
Total Income: $1,278,073

Devils

5 vs 5 Forward 
   Center                   Left Wing                Right Wing               Time % Phy DF OF 
 1 Matt Duchene             Taylor Hall              Jordan Eberle            40     0   2  3  
 2 Jonathan Toews           Chris Kreider            Patrick Kane             30     0   2  3  
 3 Mikko Koivu              Kellan Lain              Martin St. Louis         20     0   2  3  
 4 Erik Christensen         Brandon Bollig           Anthony Stewart          10     0   2  3  

5 vs 5 Defense 
   Defense                  Defense                                           Time % Phy DF OF 
 1 Kurt Sauer               Tyler Cuma                                        40     1   2  2  
 2 Travis Hamonic           Dmitry Kulikov                                    30     1   2  2  
 3 Ryan Whitney             Mike Komisarek                                    20     1   2  2  
 4 Mike Komisarek           Dmitry Kulikov                                    10     1   2  2  

PowerPlay Forward 
   Center                   Left Wing                Right Wing               Time % Phy DF OF 
 1 Jonathan Toews           Chris Kreider            Patrick Kane             60     0   2  3  
 2 Matt Duchene             Taylor Hall              Jordan Eberle            40     0   2  3  

PowerPlay Defense
   Defense                  Defense                                           Time % Phy DF OF 
 1 Dmitry Kulikov           Ryan Whitney                                      60     0   2  3  
 2 Tyler Cuma               Kurt Sauer                                        40     0   2  3  

Penalty Kill 4 Players Forward 
   Center                   Wing                     Time % Phy DF OF 
 1 Mikko Koivu              Patrick Kane             60     1   2  2  
 2 Jonathan Toews           Jordan Eberle            40     1   2  2  

Penalty Kill 4 Players Defense
   Defense                  Defense                  Time % Phy DF OF 
 1 Mike Komisarek           Kurt Sauer               60     1   2  2  
 2 Travis Hamonic           Ryan Whitney             40     1   2  2  

Penalty Kill - 3 Players Forward 
   Forward                                           Time % Phy DF OF 
 1 Jordan Eberle                                     60     1   2  2  
 2 Patrick Kane                                      40     1   2  2  

Penalty Kill - 3 Players Defense
   Defense                  Defense                  Time % Phy DF OF 
 1 Mike Komisarek           Kurt Sauer               60     1   2  2  
 2 Dmitry Kulikov           Ryan Whitney             40     1   2  2  

4 vs 4 Forward 
   Center                   Wing                     Time % Phy DF OF 
 1 Mikko Koivu              Jordan Eberle            60     1   2  2  
 2 Jonathan Toews           Taylor Hall              40     1   2  2  

4 vs 4 Defense
   Defense                  Defense                  Time % Phy DF OF 
 1 Mike Komisarek           Dmitry Kulikov           60     1   2  2  
 2 Tyler Cuma               Ryan Whitney             40     1   2  2  

Last Minutes Offensive
   Center                   Left Wing                Right Wing               Defense                  Defense                  
   Matt Duchene             Taylor Hall              Patrick Kane             Tyler Cuma               Kurt Sauer               

Last Minutes Defensive
   Center                   Left Wing                Right Wing               Defense                  Defense                  
   Matt Duchene             Taylor Hall              Jordan Eberle            Mike Komisarek           Kurt Sauer               

Goaltenders
Starting : Ryan Miller              
Backup : James Reimer             

Extra Forwards
Normal : Jordan Eberle, Jonathan Toews, Taylor Hall - PP : Jordan Eberle, Jonathan Toews - PK : Erik Christensen
Extra Defensemen
Normal : Tyler Cuma, Mike Komisarek, Dmitry Kulikov - PP : Tyler Cuma - PK : Mike Komisarek, Dmitry Kulikov
Penalty Shots
Patrick Kane, Jonathan Toews, Mikko Koivu, Jordan Eberle, Chris Kreider

Scratches
Kyle Cumiskey (Healthy)

Red Wings

5 vs 5 Forward 
   Center                   Left Wing                Right Wing               Time % Phy DF OF 
 1 Mike Richards            Adam Henrique            Phil Kessel              36     0   2  3  
 2 Tyler Johnson            Sean Bergenheim          Rick Nash                36     0   2  3  
 3 Chris Kelly              Alex Picard              Nino Niederreiter        20     0   3  2  
 4 Nate Thompson            Oleg Saprykin            Ales Hemsky              8      1   2  2  

5 vs 5 Defense 
   Defense                  Defense                                           Time % Phy DF OF 
 1 Brent Seabrook           Jiri Fischer                                      35     0   3  2  
 2 Philip Samuelsson        Ole-Kristian Tollefsen                            35     0   3  2  
 3 Filip Kuba               Theo Peckham                                      20     0   3  2  
 4 Filip Kuba               Theo Peckham                                      10     0   3  2  

PowerPlay Forward 
   Center                   Left Wing                Right Wing               Time % Phy DF OF 
 1 Mike Richards            Sean Bergenheim          Rick Nash                60     0   1  4  
 2 Tyler Johnson            Adam Henrique            Phil Kessel              40     0   1  4  

PowerPlay Defense
   Defense                  Defense                                           Time % Phy DF OF 
 1 Ole-Kristian Tollefsen   Brent Seabrook                                    60     0   2  3  
 2 Jiri Fischer             Philip Samuelsson                                 40     0   2  3  

Penalty Kill 4 Players Forward 
   Center                   Wing                     Time % Phy DF OF 
 1 Tyler Johnson            Oleg Saprykin            50     1   2  2  
 2 Rick Nash                Nino Niederreiter        50     1   2  2  

Penalty Kill 4 Players Defense
   Defense                  Defense                  Time % Phy DF OF 
 1 Brent Seabrook           Filip Kuba               50     1   2  2  
 2 Jiri Fischer             Ole-Kristian Tollefsen   50     1   2  2  

Penalty Kill - 3 Players Forward 
   Forward                                           Time % Phy DF OF 
 1 Nino Niederreiter                                 60     1   2  2  
 2 Tyler Johnson                                     40     1   2  2  

Penalty Kill - 3 Players Defense
   Defense                  Defense                  Time % Phy DF OF 
 1 Filip Kuba               Brent Seabrook           50     1   2  2  
 2 Jiri Fischer             Ole-Kristian Tollefsen   50     1   2  2  

4 vs 4 Forward 
   Center                   Wing                     Time % Phy DF OF 
 1 Mike Richards            Rick Nash                60     1   2  2  
 2 Tyler Johnson            Phil Kessel              40     1   2  2  

4 vs 4 Defense
   Defense                  Defense                  Time % Phy DF OF 
 1 Brent Seabrook           Jiri Fischer             60     1   2  2  
 2 Ole-Kristian Tollefsen   Philip Samuelsson        40     1   2  2  

Last Minutes Offensive
   Center                   Left Wing                Right Wing               Defense                  Defense                  
   Mike Richards            Rick Nash                Phil Kessel              Brent Seabrook           Ole-Kristian Tollefsen   

Last Minutes Defensive
   Center                   Left Wing                Right Wing               Defense                  Defense                  
   Tyler Johnson            Sean Bergenheim          Rick Nash                Jiri Fischer             Filip Kuba               

Goaltenders
Starting : Tuukka Rask              
Backup : Ilya Bryzgalov           

Extra Forwards
Normal : Rick Nash, Tyler Johnson, Nino Niederreiter - PP : Nino Niederreiter, Chris Kelly - PK : Sean Bergenheim
Extra Defensemen
Normal : Brent Seabrook, Ole-Kristian Tollefsen, Philip Samuelsson - PP : Filip Kuba - PK : Philip Samuelsson, Theo Peckham
Penalty Shots
Rick Nash, Mike Richards, Phil Kessel, Brent Seabrook, Sean Bergenheim

Scratches
Brendan Bell (Healthy)

% Time on Ice - Devils

Lines # - Real PCT - Wanted PCT - Time Play
Normal Forward
1 - 36% - 40% - 17:40
2 - 27% - 30% - 13:11
3 - 20% - 20% - 9:48
4 - 17% - 10% - 8:13
Normal Defense
1 - 42% - 40% - 20:36
2 - 31% - 30% - 15:11
3 - 20% - 20% - 9:52
4 - 7% - 10% - 3:13
PP Forward
1 - 49% - 60% - 2:31
2 - 51% - 40% - 2:40
PP Defense
1 - 69% - 60% - 3:34
2 - 31% - 40% - 1:37
PK Forward
1 - 73% - 60% - 4:21
2 - 27% - 40% - 1:36
PK Defense
1 - 62% - 60% - 3:43
2 - 38% - 40% - 2:14
PK3 Forward
1 - 0% - 60%
2 - 0% - 40%
PK3 Defense
1 - 0% - 60%
2 - 0% - 40%
44 Forward
1 - 0% - 60%
2 - 0% - 40%
44 Defense
1 - 0% - 60%
2 - 0% - 40%
Last Minute Offensive  - 0:00
Last Minute Defensive  - 0:00
Total
Forward - 60:00
Defense - 60:00

% Time on Ice - Red Wings

Lines # - Real PCT - Wanted PCT - Time Play
Normal Forward
1 - 31% - 36% - 15:18
2 - 33% - 36% - 16:04
3 - 22% - 20% - 10:34
4 - 14% - 8% - 6:56
Normal Defense
1 - 37% - 35% - 17:52
2 - 36% - 35% - 17:50
3 - 20% - 20% - 9:38
4 - 7% - 10% - 3:32
PP Forward
1 - 56% - 60% - 3:20
2 - 44% - 40% - 2:37
PP Defense
1 - 63% - 60% - 3:46
2 - 37% - 40% - 2:11
PK Forward
1 - 49% - 50% - 2:33
2 - 51% - 50% - 2:38
PK Defense
1 - 47% - 50% - 2:26
2 - 53% - 50% - 2:45
PK3 Forward
1 - 0% - 60%
2 - 0% - 40%
PK3 Defense
1 - 0% - 50%
2 - 0% - 50%
44 Forward
1 - 0% - 60%
2 - 0% - 40%
44 Defense
1 - 0% - 60%
2 - 0% - 40%
Last Minute Offensive  - 0:00
Last Minute Defensive  - 0:00
Total
Forward - 60:00
Defense - 60:00

Play by Play

1st period


0:01 of 1st period - Mike Richards wins face-off versus Jordan Eberle in neutral zone.
0:37 of 1st period - Snap shot by Patrick Kane.
0:37 of 1st period - Shot Blocked by Jiri Fischer.
1:11 of 1st period - Wrist shot by Ales Hemsky.
1:11 of 1st period - Shot Blocked by Dmitry Kulikov.
1:13 of 1st period - Slapshot by Jiri Fischer.
1:13 of 1st period - Deflect By Travis Hamonic.
1:13 of 1st period - Stopped by Ryan Miller with a rebound.
1:15 of 1st period - Slapshot by Brent Seabrook.
1:15 of 1st period - Shot Misses the Net.
1:37 of 1st period - Snap shot by Jordan Eberle.
1:37 of 1st period - Goal by Jordan Eberle - Devils : 1 - Red Wings : 0.
1:38 of 1st period - Tyler Johnson wins face-off versus Patrick Kane in neutral zone.
1:45 of 1st period - Wrist shot by Sean Bergenheim.
1:45 of 1st period - Deflect By Chris Kreider.
1:45 of 1st period - Stopped by Ryan Miller with a rebound.
2:49 of 1st period - Mike Komisarek is hit by Filip Kuba.
3:14 of 1st period - Slapshot by Jordan Eberle.
3:14 of 1st period - Stopped by Tuukka Rask with a rebound.
4:41 of 1st period - Snap shot by Adam Henrique.
4:41 of 1st period - Stopped by Ryan Miller with a rebound.
4:43 of 1st period - Slapshot by Philip Samuelsson.
4:43 of 1st period - Stopped by Ryan Miller without a rebound.
4:44 of 1st period - Matt Duchene wins face-off versus Tyler Johnson in Devils zone.
5:09 of 1st period - Mikko Koivu is hit by Filip Kuba and loses puck.
5:18 of 1st period - Slapshot by Ryan Whitney.
5:18 of 1st period - Shot Blocked by Theo Peckham.
5:28 of 1st period - Mike Richards is hit by Patrick Kane and loses puck.
5:51 of 1st period - Snap shot by Nino Niederreiter.
5:51 of 1st period - Stopped by Ryan Miller without a rebound.
5:52 of 1st period - Matt Duchene wins face-off versus Chris Kelly in Devils zone.
5:57 of 1st period - Snap shot by Matt Duchene.
5:57 of 1st period - Shot Misses the Net.
6:17 of 1st period - Jordan Eberle is hit by Ole-Kristian Tollefsen and loses puck.
6:46 of 1st period - Snap shot by Martin St. Louis.
6:46 of 1st period - Stopped by Tuukka Rask with a rebound.
6:56 of 1st period - Dmitry Kulikov is hit by Sean Bergenheim and loses puck.
7:15 of 1st period - Snap shot by Adam Henrique.
7:15 of 1st period - Stopped by Ryan Miller with a rebound.
7:33 of 1st period - Brandon Bollig is hit by Theo Peckham and loses puck.
7:42 of 1st period - Mike Komisarek is hit by Ole-Kristian Tollefsen and loses puck.
8:23 of 1st period - Snap shot by Rick Nash.
8:23 of 1st period - Shot Misses the Net.
9:53 of 1st period - Snap shot by Nate Thompson.
9:53 of 1st period - Shot Misses the Net.
9:55 of 1st period - Slapshot by Theo Peckham.
9:55 of 1st period - Stopped by Ryan Miller with a rebound.
9:57 of 1st period - Slapshot by Ole-Kristian Tollefsen.
9:57 of 1st period - Stopped by Ryan Miller with a rebound.
10:01 of 1st period - Wrist shot by Ales Hemsky.
10:01 of 1st period - Deflect By Oleg Saprykin.
10:01 of 1st period - Shot Blocked by Kurt Sauer.
10:01 of 1st period - Puck is out of play.
10:02 of 1st period - Matt Duchene wins face-off versus Tyler Johnson in Devils zone.
10:09 of 1st period - Slapshot by Matt Duchene.
10:09 of 1st period - Shot Misses the Net.
10:16 of 1st period - Off-side.
10:17 of 1st period - Mike Richards wins face-off versus Jonathan Toews in neutral zone.
10:24 of 1st period - Theo Peckham is hit by Chris Kreider and loses puck.
10:49 of 1st period - Wrist shot by Taylor Hall.
10:49 of 1st period - Shot Misses the Net.
10:51 of 1st period - Minor Penalty to Tyler Johnson for Delaying the game.
10:52 of 1st period - Sean Bergenheim wins face-off versus Jonathan Toews in Red Wings zone.
12:51 of 1st period - Penalty to Tyler Johnson is over, Tyler Johnson is back on ice.
12:58 of 1st period - Ryan Whitney is hit by Phil Kessel and loses puck.
13:21 of 1st period - Wrist shot by Anthony Stewart.
13:21 of 1st period - Shot Misses the Net.
13:35 of 1st period - Snap shot by Chris Kelly.
13:35 of 1st period - Shot Misses the Net.
13:47 of 1st period - Snap shot by Anthony Stewart.
13:47 of 1st period - Stopped by Tuukka Rask with a rebound.
14:39 of 1st period - Slapshot by Matt Duchene.
14:39 of 1st period - Stopped by Tuukka Rask without a rebound.
14:40 of 1st period - Mike Richards wins face-off versus Matt Duchene in Red Wings zone.
14:52 of 1st period - Off-side.
14:53 of 1st period - Matt Duchene wins face-off versus Tyler Johnson in neutral zone.
15:02 of 1st period - Snap shot by Taylor Hall.
15:02 of 1st period - Stopped by Tuukka Rask with a rebound.
15:10 of 1st period - Slapshot by Theo Peckham.
15:10 of 1st period - Stopped by Ryan Miller without a rebound.
15:11 of 1st period - Jonathan Toews wins face-off versus Mike Richards in Devils zone.
15:59 of 1st period - Snap shot by Alex Picard.
15:59 of 1st period - Stopped by Ryan Miller without a rebound.
16:00 of 1st period - Mikko Koivu wins face-off versus Chris Kelly in Devils zone.
16:13 of 1st period - Wrist shot by Mikko Koivu.
16:13 of 1st period - Stopped by Tuukka Rask without a rebound.
16:14 of 1st period - Tyler Johnson wins face-off versus Matt Duchene in Red Wings zone.
16:14 of 1st period - Tyler Johnson is hit by Travis Hamonic.
16:19 of 1st period - Off-side.
16:20 of 1st period - Taylor Hall wins face-off versus Rick Nash in neutral zone.
16:33 of 1st period - Snap shot by Taylor Hall.
16:33 of 1st period - Shot Misses the Net.
16:52 of 1st period - Minor Penalty to Philip Samuelsson for Roughing.
16:53 of 1st period - Rick Nash wins face-off versus Jonathan Toews in Red Wings zone.
17:01 of 1st period - Jonathan Toews is hit by Tyler Johnson and loses puck.
17:10 of 1st period - Tyler Johnson is hit by Patrick Kane.
17:26 of 1st period - Nino Niederreiter is hit by Jordan Eberle and loses puck.
18:45 of 1st period - Dmitry Kulikov is hit by Sean Bergenheim.
18:52 of 1st period - Penalty to Philip Samuelsson is over, Philip Samuelsson is back on ice.
19:52 of 1st period - Wrist shot by Martin St. Louis.
19:52 of 1st period - Stopped by Tuukka Rask without a rebound.
19:53 of 1st period - Mikko Koivu wins face-off versus Chris Kelly in Red Wings zone.
Goals for this period are 1 for Devils vs 0 for Red Wings.
Shots for this period are 8 for Devils vs 10 for Red Wings.

2nd period


0:01 of 2nd period - Tyler Johnson wins face-off versus Taylor Hall in neutral zone.
0:04 of 2nd period - Slapshot by Jiri Fischer.
0:04 of 2nd period - Shot Blocked by Jordan Eberle.
1:29 of 2nd period - Backhand shot by Dmitry Kulikov.
1:29 of 2nd period - Shot Misses the Net.
1:31 of 2nd period - Wrist shot by Jordan Eberle.
1:31 of 2nd period - Shot Misses the Net.
1:33 of 2nd period - Slapshot by Travis Hamonic.
1:33 of 2nd period - Deflect By Ole-Kristian Tollefsen.
1:33 of 2nd period - Stopped by Tuukka Rask without a rebound.
1:34 of 2nd period - Sean Bergenheim wins face-off versus Matt Duchene in Red Wings zone.
1:59 of 2nd period - Wrist shot by Jordan Eberle.
1:59 of 2nd period - Stopped by Tuukka Rask without a rebound.
2:00 of 2nd period - Phil Kessel wins face-off versus Jonathan Toews in Red Wings zone.
2:05 of 2nd period - Patrick Kane is hit by Phil Kessel.
2:26 of 2nd period - Mikko Koivu is hit by Alex Picard and loses puck.
2:57 of 2nd period - Snap shot by Erik Christensen.
2:57 of 2nd period - Deflect By Anthony Stewart.
2:57 of 2nd period - Shot Misses the Net.
2:57 of 2nd period - Puck is out of play.
2:58 of 2nd period - Matt Duchene wins face-off versus Adam Henrique in Red Wings zone.
3:11 of 2nd period - Snap shot by Ole-Kristian Tollefsen.
3:11 of 2nd period - Stopped by Ryan Miller without a rebound.
3:12 of 2nd period - Tyler Johnson wins face-off versus Matt Duchene in Devils zone.
3:25 of 2nd period - Snap shot by Sean Bergenheim.
3:25 of 2nd period - Shot Blocked by Jordan Eberle.
3:45 of 2nd period - Slapshot by Martin St. Louis.
3:45 of 2nd period - Stopped by Tuukka Rask without a rebound.
3:46 of 2nd period - Mikko Koivu wins face-off versus Mike Richards in Red Wings zone.
3:57 of 2nd period - Snap shot by Mikko Koivu.
3:57 of 2nd period - Shot Blocked by Brent Seabrook.
4:21 of 2nd period - Wrist shot by Alex Picard.
4:21 of 2nd period - Shot Misses the Net.
4:23 of 2nd period - Snap shot by Nino Niederreiter.
4:23 of 2nd period - Stopped by Ryan Miller with a rebound.
4:37 of 2nd period - Slapshot by Ole-Kristian Tollefsen.
4:37 of 2nd period - Deflect By Nate Thompson.
4:37 of 2nd period - Stopped by Ryan Miller with a rebound.
4:57 of 2nd period - Slapshot by Philip Samuelsson.
4:57 of 2nd period - Shot Blocked by Mike Komisarek.
5:05 of 2nd period - Snap shot by Erik Christensen.
5:05 of 2nd period - Stopped by Tuukka Rask with a rebound.
5:19 of 2nd period - Wrist shot by Phil Kessel.
5:19 of 2nd period - Stopped by Ryan Miller without a rebound.
5:20 of 2nd period - Matt Duchene wins face-off versus Mike Richards in Devils zone.
5:35 of 2nd period - Snap shot by Matt Duchene.
5:35 of 2nd period - Shot Misses the Net.
5:37 of 2nd period - Snap shot by Taylor Hall.
5:37 of 2nd period - Deflect By Brent Seabrook.
5:37 of 2nd period - Shot Misses the Net.
5:37 of 2nd period - Puck is out of play.
5:38 of 2nd period - Jonathan Toews wins face-off versus Rick Nash in Red Wings zone.
5:43 of 2nd period - Snap shot by Patrick Kane.
5:43 of 2nd period - Stopped by Tuukka Rask with a rebound.
5:55 of 2nd period - Snap shot by Sean Bergenheim.
5:55 of 2nd period - Stopped by Ryan Miller without a rebound.
5:56 of 2nd period - Mike Richards wins face-off versus Matt Duchene in Devils zone.
6:03 of 2nd period - Snap shot by Matt Duchene.
6:03 of 2nd period - Shot Misses the Net.
6:28 of 2nd period - Ole-Kristian Tollefsen is hit by Chris Kreider and loses puck.
7:28 of 2nd period - Snap shot by Phil Kessel.
7:28 of 2nd period - Shot Misses the Net.
7:30 of 2nd period - Wrist shot by Phil Kessel.
7:30 of 2nd period - Shot Misses the Net.
7:32 of 2nd period - Wrist shot by Phil Kessel.
7:32 of 2nd period - Stopped by Ryan Miller with a rebound.
8:13 of 2nd period - Off-side.
8:14 of 2nd period - Nate Thompson wins face-off versus Mikko Koivu in neutral zone.
8:19 of 2nd period - Wrist shot by Nate Thompson.
8:19 of 2nd period - Deflect By Ales Hemsky.
8:19 of 2nd period - Stopped by Ryan Miller without a rebound.
8:20 of 2nd period - Nate Thompson wins face-off versus Matt Duchene in Devils zone.
8:23 of 2nd period - Slapshot by Brent Seabrook.
8:23 of 2nd period - Stopped by Ryan Miller without a rebound.
8:24 of 2nd period - Matt Duchene wins face-off versus Mike Richards in Devils zone.
8:24 of 2nd period - Matt Duchene is hit by Brent Seabrook.
8:30 of 2nd period - Slapshot by Dmitry Kulikov.
8:30 of 2nd period - Stopped by Tuukka Rask without a rebound.
8:31 of 2nd period - Matt Duchene wins face-off versus Mike Richards in Red Wings zone.
9:05 of 2nd period - Wrist shot by Jonathan Toews.
9:05 of 2nd period - Stopped by Tuukka Rask without a rebound.
9:06 of 2nd period - Jonathan Toews wins face-off versus Tyler Johnson in Red Wings zone.
9:07 of 2nd period - Slapshot by Patrick Kane.
9:07 of 2nd period - Goal by Patrick Kane - Devils : 2 - Red Wings : 0.
9:08 of 2nd period - Mike Richards wins face-off versus Matt Duchene in neutral zone.
10:02 of 2nd period - Kurt Sauer is hit by Brent Seabrook and loses puck.
10:21 of 2nd period - Snap shot by Erik Christensen.
10:21 of 2nd period - Shot Misses the Net.
10:29 of 2nd period - Kurt Sauer is hit by Ales Hemsky and loses puck.
10:44 of 2nd period - Slapshot by Adam Henrique.
10:44 of 2nd period - Stopped by Ryan Miller without a rebound.
10:45 of 2nd period - Tyler Johnson wins face-off versus Matt Duchene in Devils zone.
11:00 of 2nd period - Slapshot by Rick Nash.
11:00 of 2nd period - Shot Misses the Net.
11:55 of 2nd period - Wrist shot by Ales Hemsky.
11:55 of 2nd period - Stopped by Ryan Miller with a rebound.
11:57 of 2nd period - Snap shot by Oleg Saprykin.
11:57 of 2nd period - Stopped by Ryan Miller without a rebound.
11:58 of 2nd period - Jonathan Toews wins face-off versus Sean Bergenheim in Devils zone.
12:14 of 2nd period - Minor Penalty to Travis Hamonic for Slashing.
12:15 of 2nd period - Mikko Koivu wins face-off versus Mike Richards in Devils zone.
13:54 of 2nd period - Adam Henrique is hit by Mike Komisarek and loses puck.
14:14 of 2nd period - Penalty to Travis Hamonic is over, Travis Hamonic is back on ice.
15:07 of 2nd period - Wrist shot by Anthony Stewart.
15:07 of 2nd period - Shot Blocked by Jiri Fischer.
15:09 of 2nd period - Snap shot by Anthony Stewart.
15:09 of 2nd period - Shot Blocked by Philip Samuelsson.
15:11 of 2nd period - Slapshot by Brandon Bollig.
15:11 of 2nd period - Stopped by Tuukka Rask without a rebound.
15:12 of 2nd period - Matt Duchene wins face-off versus Nate Thompson in Red Wings zone.
16:19 of 2nd period - Icing by Tyler Cuma.
16:20 of 2nd period - Mikko Koivu wins face-off versus Nate Thompson in Devils zone.
17:34 of 2nd period - Travis Hamonic is hit by Alex Picard and loses puck.
18:01 of 2nd period - Wrist shot by Matt Duchene.
18:01 of 2nd period - Shot Blocked by Ales Hemsky.
18:03 of 2nd period - Slapshot by Travis Hamonic.
18:03 of 2nd period - Stopped by Tuukka Rask with a rebound.
18:05 of 2nd period - Slapshot by Dmitry Kulikov.
18:05 of 2nd period - Deflect By Ales Hemsky.
18:05 of 2nd period - Stopped by Tuukka Rask without a rebound.
18:06 of 2nd period - Jonathan Toews wins face-off versus Mike Richards in Red Wings zone.
18:17 of 2nd period - Slapshot by Patrick Kane.
18:17 of 2nd period - Shot Blocked by Jiri Fischer.
18:19 of 2nd period - Snap shot by Chris Kreider.
18:19 of 2nd period - Deflect By Patrick Kane.
18:19 of 2nd period - Stopped by Tuukka Rask without a rebound.
18:20 of 2nd period - Tyler Johnson wins face-off versus Matt Duchene in Red Wings zone.
18:26 of 2nd period - Off-side.
18:27 of 2nd period - Rick Nash wins face-off versus Matt Duchene in neutral zone.
18:49 of 2nd period - Minor Penalty to Tyler Cuma for Roughing.
18:50 of 2nd period - Mikko Koivu wins face-off versus Mike Richards in Devils zone.
19:40 of 2nd period - Ryan Whitney is hit by Mike Richards and loses puck.
Goals for this period are 1 for Devils vs 0 for Red Wings.
Shots for this period are 12 for Devils vs 11 for Red Wings.

3rd period


0:01 of 3rd period - Mikko Koivu wins face-off versus Mike Richards in neutral zone.
0:34 of 3rd period - Wrist shot by Jonathan Toews.
0:34 of 3rd period - Shot Blocked by Ole-Kristian Tollefsen.
0:36 of 3rd period - Slapshot by Travis Hamonic.
0:36 of 3rd period - Stopped by Tuukka Rask without a rebound.
0:37 of 3rd period - Jordan Eberle wins face-off versus Mike Richards in Red Wings zone.
0:48 of 3rd period - Travis Hamonic is hit by Sean Bergenheim and loses puck.
0:49 of 3rd period - Penalty to Tyler Cuma is over, Tyler Cuma is back on ice.
1:21 of 3rd period - Snap shot by Mike Richards.
1:21 of 3rd period - Shot Misses the Net.
1:23 of 3rd period - Snap shot by Theo Peckham.
1:23 of 3rd period - Shot Blocked by Travis Hamonic.
1:25 of 3rd period - Snap shot by Phil Kessel.
1:25 of 3rd period - Stopped by Ryan Miller without a rebound.
1:26 of 3rd period - Mike Richards wins face-off versus Mikko Koivu in Devils zone.
1:45 of 3rd period - Minor Penalty to Mike Komisarek for Roughing.
1:46 of 3rd period - Mike Richards wins face-off versus Mikko Koivu in Devils zone.
2:37 of 3rd period - Icing by Mike Richards.
2:38 of 3rd period - Mike Richards wins face-off versus Mikko Koivu in Red Wings zone.
3:43 of 3rd period - Kellan Lain is hit by Tyler Johnson and loses puck.
3:45 of 3rd period - Penalty to Mike Komisarek is over, Mike Komisarek is back on ice.
4:00 of 3rd period - Slapshot by Matt Duchene.
4:00 of 3rd period - Deflect By Jordan Eberle.
4:00 of 3rd period - Shot Blocked by Alex Picard.
4:00 of 3rd period - Puck is out of play.
4:01 of 3rd period - Matt Duchene wins face-off versus Chris Kelly in Red Wings zone.
4:02 of 3rd period - Snap shot by Jordan Eberle.
4:02 of 3rd period - Stopped by Tuukka Rask with a rebound.
4:04 of 3rd period - Snap shot by Taylor Hall.
4:04 of 3rd period - Deflect By Matt Duchene.
4:04 of 3rd period - Shot Misses the Net.
4:04 of 3rd period - Puck is out of play.
4:05 of 3rd period - Chris Kelly wins face-off versus Matt Duchene in Red Wings zone.
4:12 of 3rd period - Snap shot by Jordan Eberle.
4:12 of 3rd period - Stopped by Tuukka Rask with a rebound.
4:14 of 3rd period - Wrist shot by Matt Duchene.
4:14 of 3rd period - Stopped by Tuukka Rask without a rebound.
4:15 of 3rd period - Matt Duchene wins face-off versus Tyler Johnson in Red Wings zone.
4:36 of 3rd period - Kurt Sauer is hit by Sean Bergenheim and loses puck.
4:51 of 3rd period - Sean Bergenheim is hit by Kurt Sauer and loses puck.
5:06 of 3rd period - Tyler Johnson is hit by Tyler Cuma and loses puck.
5:21 of 3rd period - Slapshot by Jordan Eberle.
5:21 of 3rd period - Shot Blocked by Sean Bergenheim.
5:25 of 3rd period - Slapshot by Matt Duchene.
5:25 of 3rd period - Stopped by Tuukka Rask with a rebound.
5:27 of 3rd period - Slapshot by Kurt Sauer.
5:27 of 3rd period - Deflect By Jordan Eberle.
5:27 of 3rd period - Stopped by Tuukka Rask with a rebound.
5:29 of 3rd period - Slapshot by Tyler Cuma.
5:29 of 3rd period - Deflect By Taylor Hall.
5:29 of 3rd period - Goal by Taylor Hall - Devils : 3 - Red Wings : 0.
5:30 of 3rd period - Jonathan Toews wins face-off versus Mike Richards in neutral zone.
5:33 of 3rd period - Phil Kessel is hit by Mike Komisarek and loses puck.
5:42 of 3rd period - Slapshot by Adam Henrique.
5:42 of 3rd period - Deflect By Mike Richards.
5:42 of 3rd period - Shot Misses the Net.
5:42 of 3rd period - Puck is out of play.
5:43 of 3rd period - Jonathan Toews wins face-off versus Mike Richards in Devils zone.
5:50 of 3rd period - Snap shot by Patrick Kane.
5:50 of 3rd period - Shot Misses the Net.
5:52 of 3rd period - Slapshot by Patrick Kane.
5:52 of 3rd period - Goal by Patrick Kane - Devils : 4 - Red Wings : 0.
5:53 of 3rd period - Jonathan Toews wins face-off versus Mike Richards in neutral zone.
6:32 of 3rd period - Wrist shot by Tyler Johnson.
6:32 of 3rd period - Shot Blocked by Matt Duchene.
7:08 of 3rd period - Snap shot by Ales Hemsky.
7:08 of 3rd period - Stopped by Ryan Miller without a rebound.
7:09 of 3rd period - Jonathan Toews wins face-off versus Nate Thompson in Devils zone.
8:03 of 3rd period - Icing by Mikko Koivu.
8:04 of 3rd period - Mikko Koivu wins face-off versus Tyler Johnson in Devils zone.
8:20 of 3rd period - Icing by Kellan Lain.
8:21 of 3rd period - Mikko Koivu wins face-off versus Mike Richards in Devils zone.
8:54 of 3rd period - Snap shot by Tyler Johnson.
8:54 of 3rd period - Stopped by Ryan Miller with a rebound.
8:56 of 3rd period - Slapshot by Jiri Fischer.
8:56 of 3rd period - Deflect By Rick Nash.
8:56 of 3rd period - Shot Misses the Net.
8:56 of 3rd period - Puck is out of play.
8:57 of 3rd period - Mike Richards wins face-off versus Jonathan Toews in Devils zone.
9:24 of 3rd period - Kurt Sauer is hit by Sean Bergenheim.
9:51 of 3rd period - Slapshot by Chris Kelly.
9:51 of 3rd period - Shot Misses the Net.
10:05 of 3rd period - Brandon Bollig is hit by Ales Hemsky.
10:11 of 3rd period - Snap shot by Nate Thompson.
10:11 of 3rd period - Shot Misses the Net.
10:13 of 3rd period - Snap shot by Oleg Saprykin.
10:13 of 3rd period - Goal by Oleg Saprykin - Devils : 4 - Red Wings : 1.
10:14 of 3rd period - Matt Duchene wins face-off versus Mike Richards in neutral zone.
10:41 of 3rd period - Sean Bergenheim is hit by Jonathan Toews and loses puck.
11:04 of 3rd period - Wrist shot by Alex Picard.
11:04 of 3rd period - Stopped by Ryan Miller with a rebound.
11:43 of 3rd period - Ryan Whitney is hit by Brent Seabrook and loses puck.
12:11 of 3rd period - Brent Seabrook is hit by Dmitry Kulikov and loses puck.
12:18 of 3rd period - Snap shot by Phil Kessel.
12:18 of 3rd period - Stopped by Ryan Miller without a rebound.
12:19 of 3rd period - Tyler Johnson wins face-off versus Matt Duchene in Devils zone.
12:20 of 3rd period - Wrist shot by Rick Nash.
12:20 of 3rd period - Stopped by Ryan Miller with a rebound.
12:32 of 3rd period - Snap shot by Taylor Hall.
12:32 of 3rd period - Stopped by Tuukka Rask with a rebound.
12:34 of 3rd period - Slapshot by Matt Duchene.
12:34 of 3rd period - Shot Misses the Net.
12:36 of 3rd period - Snap shot by Kurt Sauer.
12:36 of 3rd period - Stopped by Tuukka Rask with a rebound.
12:46 of 3rd period - Chris Kelly is hit by Chris Kreider.
13:10 of 3rd period - Oleg Saprykin is hit by Kellan Lain and loses puck.
14:12 of 3rd period - Slapshot by Chris Kreider.
14:12 of 3rd period - Shot Misses the Net.
14:14 of 3rd period - Snap shot by Chris Kreider.
14:14 of 3rd period - Stopped by Tuukka Rask with a rebound.
14:16 of 3rd period - Wrist shot by Dmitry Kulikov.
14:16 of 3rd period - Shot Blocked by Jiri Fischer.
15:22 of 3rd period - Wrist shot by Matt Duchene.
15:22 of 3rd period - Stopped by Tuukka Rask without a rebound.
15:23 of 3rd period - Patrick Kane wins face-off versus Mike Richards in Red Wings zone.
15:32 of 3rd period - Slapshot by Patrick Kane.
15:32 of 3rd period - Shot Misses the Net.
15:34 of 3rd period - Snap shot by Dmitry Kulikov.
15:34 of 3rd period - Stopped by Tuukka Rask with a rebound.
15:36 of 3rd period - Slapshot by Jonathan Toews.
15:36 of 3rd period - Stopped by Tuukka Rask without a rebound.
15:37 of 3rd period - Tyler Johnson wins face-off versus Matt Duchene in Red Wings zone.
17:42 of 3rd period - Matt Duchene is hit by Phil Kessel and loses puck.
18:15 of 3rd period - Slapshot by Tyler Johnson.
18:15 of 3rd period - Shot Misses the Net.
18:46 of 3rd period - Minor Penalty to Jiri Fischer for Hooking.
18:47 of 3rd period - Matt Duchene wins face-off versus Rick Nash in Red Wings zone.
19:20 of 3rd period - Wrist shot by Tyler Johnson.
19:20 of 3rd period - Deflect By Oleg Saprykin.
19:20 of 3rd period - Stopped by Ryan Miller without a rebound.
19:21 of 3rd period - Tyler Johnson wins face-off versus Matt Duchene in Devils zone.
19:25 of 3rd period - Icing by Dmitry Kulikov.
19:26 of 3rd period - Matt Duchene wins face-off versus Rick Nash in Devils zone.
Goals for this period are 2 for Devils vs 1 for Red Wings.
Shots for this period are 14 for Devils vs 8 for Red Wings.